 Dungeon Crawl Stone Soup version 0.22.1-2-g9c5b331383 (webtiles) character file.

126 Ihlosi the Ducker (level 5, -10/39 HPs)
             Began as a Human Gladiator on Nov 21, 2018.
             Killed by divine providence
             ... invoked by an orc priest
              (16 damage)
             ... on level 3 of the Dungeon.
             The game lasted 00:05:46 (2590 turns).

Ihlosi the Ducker (Human Gladiator)                 Turns: 2590, Time: 00:05:47

Health: -10/39     AC:  6    Str: 14    XL:     5   Next: 31%
Magic:  5/5        EV: 13    Int:  9    God:
Gold:   131        SH:  0    Dex: 15    Spells: 4/4 levels left

rFire    . . .     SeeInvis .   a - +0 long sword
rCold    . . .     Gourm    .   (no shield)
rNeg     . . .     Faith    .   b - +0 leather armour
rPois    .         Spirit   .   c - +0 helmet
rElec    .         Reflect  .   (no cloak)
rCorr    .         Harm     .   (no gloves)
MR       .....                  m - +1 pair of boots
Stlth    ++........             q - amulet of inaccuracy (curse)
HPRegen  0.13/turn              t - ring of stealth
MPRegen  0.09/turn              (no ring)

@: flying, hasted, drained, very quick
A: no striking features
a: no special abilities


You were on level 3 of the Dungeon.
You were not hungry.

You visited 1 branch of the dungeon, and saw 3 of its levels.

You collected 131 gold pieces.

Inventory:

Hand Weapons
 a - a +0 long sword (weapon)
 e - a cursed -2 dagger
Missiles
 d - 4 throwing nets (quivered)
 g - 8 bolts
 s - 18 poisoned needles
Armour
 b - a +0 leather armour (worn)
 c - a +0 helmet (worn)
 m - a +1 pair of boots (worn)
Jewellery
 i - an uncursed amulet of guardian spirit
 q - a cursed amulet of inaccuracy (around neck)
 t - a ring of stealth (left hand)
Wands
 r - a wand of clouds (3)
Potions
 j - 2 potions of curing
 p - a potion of might {unknown}
Comestibles
 f - 10 rations
 n - 2 chunks of flesh


   Skills:
 * Level 2.5(2.4) Fighting
 + Level 3.9(3.8) Long Blades
 - Level 2.0(1.9) Throwing
 * Level 1.9(1.8) Armour
 * Level 3.9(3.7) Dodging
 - Level 1.0(0.9) Stealth
 * Level 0.4(0.3) Evocations


You had 4 spell levels left.
You didn't know any spells.
Your spell library was empty.

Dungeon Overview and Level Annotations

Branches:
Dungeon (3/15)

Altars:


Message History

The orc is heavily wounded.
You hit the orc priest but do no damage.
The orc priest is moderately wounded.
The orc wizard is engulfed in poison gas.
The orc wizard is poisoned.
The orc wizard misses you.
Unknown command.
You hit the orc priest but do no damage.
The orc priest is moderately wounded.
The orc priest hits you but does no damage.
The orc is engulfed in poison gas.
The orc looks even sicker.
You kill the orc!
You have reached level 5!
The orc wizard is engulfed in poison gas.
The orc wizard looks even sicker.
You kill the orc wizard!
You closely miss the orc priest.
The orc priest is moderately wounded.
The orc priest invokes the aid of Beogh against you.
Beogh smites you!
You die...

######
##.....##
#.......##
.........#
.........#
.........#
.......@.#
......§§o#
....§§§§.#
><.§§§§§.#
...§§§§..#
..........
...........
#.......##.
##......#
#.


You could see an orc priest.

Vanquished Creatures
  An orc wizard (D:3)
  An adder (D:2)
  A gnoll (D:1)
  A worm (D:2)
  3 dart slugs
  A leopard gecko (D:3)
  An orc (D:3)
  3 giant cockroaches
  10 hobgoblins
  4 jackals (D:2)
  2 ball pythons
  13 bats
  6 frilled lizards
  9 goblins
  5 kobolds
  5 rats
66 creatures vanquished.

Notes
Turn   | Place    | Note
-------+----------+-------------------------------------------
     0 | D:1      | Ihlosi the Human Gladiator began the quest for the Orb.
     0 | D:1      | Reached XP level 1. HP: 16/16 MP: 1/1
    74 | D:1      | Reached XP level 2. HP: 12/22 MP: 2/2
   644 | D:1      | Reached XP level 3. HP: 6/27 MP: 1/3
  1308 | D:2      | Reached XP level 4. HP: 15/34 MP: 4/4
  1489 | D:2      | Reached skill level 1 in Stealth
  1550 | D:2      | Reached skill level 1 in Armour
  2589 | D:3      | Reached XP level 5. HP: 6/39 MP: 5/5
  2590 | D:3      | Killed from afar by an orc priest

Skill      XL: |  1  2  3  4 |
---------------+-------------+-----
Stealth        | 1 |  1.0
Armour         | 1 |  1.9
Fighting       | |  2.5
Long Blades    | |  3.9
Throwing       | |  2.0
Dodging        | |  3.9
Evocations     | |  0.4

Action                   |  1- 3 |  4- 6 || total
-------------------------+-------+-------++-------
Melee: Long sword        |    95 |   131 ||   226
Throw: Throwing net      |     1 |       ||     1
Evoke: Wand              |       |     1 ||     1
  Use: Scroll            |       |     5 ||     5
       Potion            |       |     5 ||     5
 Stab: Sleeping          |       |     1 ||     1
  Eat: Chunk             |     1 |     5 ||     6
Armor: Leather armour    |    32 |    63 ||    95
Dodge: Dodged            |    73 |   118 ||   191
       Rpst.: Long sword |    22 |    30 ||    52
